 Dungeon Crawl Stone Soup version 0.31.0-11-ge490571c62 (webtiles) character file.

Game seed: 2656064106535334287

229 Ijustatesigmund the Digger (level 6, 0/36 HPs)
             Began as a Gargoyle Earth Elementalist on Jan 26, 2024.
             Frozen to death by an endoplasm (4 damage)
             ... on level 3 of the Dungeon.
             The game lasted 00:06:05 (3481 turns).

Ijustatesigmund the Digger (GrEE)                   Turns: 3481, Time: 00:06:05

Health: 0/36       AC:  7    Str: 12    XL:     6   Next: 3%
Magic:  8/10       EV: 11    Int: 17    God:
Gold:   132        SH:  0    Dex: 10    Spells: 7/11 levels left

rFire   . . .        e - +0 flail
rCold   . . .        (no shield)
rNeg    + . .        a - +0 animal skin
rPois   ∞            k - +0 helmet
rElec   +            (no cloak)
rCorr   .            (no gloves)
SInv    .            (no boots)
Will    .....        h - amulet of magic regeneration
Stlth   ++           (no ring)
HPRegen 0.26/turn    (no ring)
MPRegen 0.52/turn

%: no passive effects
@: mighty, brilliant
A: sickness immunity, AC +4, negative energy resistance 1, electricity
resistance, torment resistance 1, petrification resistance
a: no special abilities


You were on level 3 of the Dungeon.
You visited 1 branch of the dungeon, and saw 4 of its levels.

You collected 132 gold pieces.

Inventory:

Hand Weapons
 e - a +0 flail (weapon)
Armour
 a - a +0 animal skin (worn)
 k - a +0 helmet (worn)
Jewellery
 h - an amulet of magic regeneration (around neck)
 n - a +6 ring of strength
Wands
 i - a wand of flame (19)
 p - a wand of acid (8)
Scrolls
 d - a scroll of revelation {unknown}
 f - a scroll of enchant weapon {unknown}
 g - a scroll of teleportation
 l - a scroll of identify {unknown}
 m - a scroll of blinking {unknown}
Potions
 b - a potion of magic
 j - 3 potions of curing


   Skills:
 + Level 2.8 Fighting
 + Level 0.6 Maces & Flails
 - Level 1.5 Dodging
 - Level 2.1 Stealth
 + Level 3.2 Spellcasting
 + Level 3.0 Conjurations
 + Level 5.0 Earth Magic


You had 7 spell levels left.
You knew the following spells:

 Your Spells              Type           Power      Damage    Failure   Level
a - Sandblast             Erth           58%        2d13      2%          1
b - Stone Arrow           Conj/Erth      48%        3d10      10%         3

Your spell library contained the following spells:

 Spells                   Type           Power      Damage    Failure   Level
 Passwall                 Erth           29%        N/A       6%          3
 Apportation              Tloc           8%         N/A       17%         1
 Jinxbite                 Hex            8%         N/A       26%         2
 Brom's Barrelling Bould  Conj/Erth      24%        2d5       32%         4
 Petrify                  Alch/Erth      16%        N/A       52%         4
 Alistair's Intoxication  Alch           2%         N/A       99%         5


Dungeon Overview and Level Annotations

Branches:
Dungeon (4/15)
 Temple: D:4-7

Altars:

Annotations:
D:3 Pikel


Innate Abilities, Weirdness & Mutations

You are immune to sickness and miasma.
Your stone body is resilient. (AC +4)
You are immune to poison.
You resist negative energy. (rN+)
You are resistant to electric shocks. (rElec)
You are resistant to unholy torment.
You are immune to petrification.


Message History

You start waiting.
Your surroundings seem slightly different.
Partly explored, can't reach some places.
There is a stone staircase leading down here.
You climb downwards.
The endoplasm closely misses you. The lemure hits you.
The endoplasm freezes you.
You are frozen.
Pikel hits you but does no damage.
There is a stone staircase leading up here.
The endoplasm freezes you.
You are frozen.
Pikel hits you with a +0 whip of electrocution.
The lemure hits you.
You climb upwards.
There is a stone staircase leading down here.
It was a potion of curing.
You feel better. The lemure hits you. The endoplasm closely misses you.
Pikel hits you but does no damage.
Casting: Sandblast (safe; 2% risk of failure)
Confirm with . or Enter, or press ? or * to list all spells.
Aiming: Stone Arrow (quite dangerous; 10% risk of failure)
Press: ? - help, Shift-Dir - straight line, f - Pikel
Aim: Pikel, wielding a +0 whip of electrocution and wearing a +0 robe (60% to hit)
The stone arrow hits Pikel!
Pikel is moderately wounded.
The lemure hits you! The endoplasm hits you.
Pikel hits you with a +0 whip of electrocution.
Okay, then.
It was a potion of brilliance.
You feel clever all of a sudden. The lemure hits you but does no damage.
The endoplasm freezes you.
You are frozen.
* * * LOW HITPOINT WARNING * * *
Pikel hits you with a +0 whip of electrocution.
* * * LOW HITPOINT WARNING * * *
It was a potion of might.
You feel very mighty all of a sudden. The lemure hits you but does no damage.
The endoplasm freezes you.
You are frozen.
You die...

#.......#.### #.# #..#
#.......#.# #[# ##.# #.........#
##'## #####.### #.......###
##...## #.......# ####.#######
##..|..###.###.#.#
#.........###.......##.###.#.#
####.#.#...#<##.........#.##....#
..............'))K......'.......#
####.#.#...#.##5@J......#.##....#
#.#....##.###.......##.......#
#.###.###.# ##.....#######.###
#.# #.# #.# ##..(## #.#
#.###.###.# ##'## #.# #.........#
#.# #.# #####.##### ### #.# #.#
#.# ##.##♣♣♣ ♣ #.#


You could see Pikel, a lemure and an endoplasm.

Vanquished Creatures
  Jessica (D:2)
  3 orc wizards (D:3)
  Robin (D:3)
  2 adders
  3 dart slugs
  3 ribbon worms
  9 orcs
  2 endoplasms
  7 giant cockroaches
  9 goblins
  10 hobgoblins
  A quokka (D:1)
  7 ball pythons
  8 bats
  4 frilled lizards
  3 kobolds
  5 rats
78 creatures vanquished.

Notes
Turn   | Place    | Note
-------+----------+-------------------------------------------
     0 | D:1      | Ijustatesigmund the Gargoyle Earth Elementalist began the
                  | quest for the Orb.
     0 | D:1      | Reached XP level 1. HP: 10/10 MP: 3/3
   170 | D:1      | Reached XP level 2. HP: 16/16 MP: 3/5
   421 | D:1      | Reached skill level 1 in Fighting
   456 | D:1      | Reached skill level 4 in Earth Magic
   458 | D:1      | Reached XP level 3. HP: 20/20 MP: 3/6
   932 | D:2      | Noticed Jessica
   933 | D:2      | Killed Jessica
   934 | D:2      | Reached XP level 4. HP: 26/26 MP: 7/7
  1411 | D:2      | Noticed Robin
  1959 | D:3      | Killed Robin
  2200 | D:2      | Reached XP level 5. HP: 30/30 MP: 7/9
  2474 | D:3      | Learned a level 3 spell: Stone Arrow
  3157 | D:3      | Reached skill level 5 in Earth Magic
  3227 | D:3      | Reached XP level 6. HP: 36/36 MP: 8/10
  3475 | D:4      | Noticed Pikel
  3481 | D:3      | Frozen to death by an endoplasm

Illustrated notes

Levels and vault maps discovered:
D:1:      saegor_arrival_simple_e, layout_basic, dreamdust_mushroom_princess,
          hex_large
D:2:      layout_basic, serial_rivers, chequers_serial_rivers_micro_a,
          chequers_serial_rivers_small_b, chequers_serial_rivers_large_a,
          chequers_serial_rivers_micro_c, chequers_serial_rivers_large_b,
          chequers_serial_rivers_room_b, uniq_jessica, uniq_robin
D:3:      layout_loops_corners, uniq_crazy_yiuf_cottage
D:4:      layout_rooms, st_stairs_14, minmay_fountain_box, uniq_sigmund,
          uniq_edmund, uniq_pikel

Skill      XL: |  1  2  3  4  5 |
---------------+----------------+-----
Fighting       | 1 2 |  2.8
Earth Magic    | 4 5 |  5.0
Conjurations   | 2 3 |  3.0
Spellcasting   | 3 |  3.2
Maces & Flails | |  0.6
Dodging        | |  1.5
Stealth        | |  2.1

Action                     |  1- 3 |  4- 6 || total
---------------------------+-------+-------++-------
  Melee: Unarmed           |     3 |       ||     3
         Whip              |       |    22 ||    22
   Cast: Sandblast         |    41 |    69 ||   110
         Stone Arrow       |       |     1 ||     1
    Use: Potion            |       |     3 ||     3
         Scroll            |       |     1 ||     1
 Armour: Robe              |    15 |    44 ||    59
         Animal skin       |       |    28 ||    28
  Dodge: Dodged            |    11 |    43 ||    54
